 Dungeon Crawl Stone Soup version 0.32-a0-290-g598725c5f2 (webtiles) character file.

Game seed: 8995479935111460115

221 Daunt the Cudgeller (level 5, -3/47 HPs)
             Began as a Mountain Dwarf Fighter on Feb 13, 2024.
             Was a Follower of Zin.
             Slain by Crazy Yiuf
             ... wielding a +4 quarterstaff of chaos
              (12 damage)
             ... on level 3 of the Dungeon.
             The game lasted 00:11:04 (2569 turns).

Daunt the Cudgeller (Mountain Dwarf Fighter)        Turns: 2569, Time: 00:11:05

Health: -3/47      AC: 11    Str: 20    XL:     5   Next: 65%
Magic:  5/5        EV:  5    Int:  9    God:    Zin [*.....]
Gold:   166        SH:  9    Dex:  9    Spells: 4/4 levels left

rFire   . . .        a - +6 whip (venom)
rCold   . . .        c - +0 buckler
rNeg    . . .        r - +0 plate armour
rPois   .            (no helmet)
rElec   .            (no cloak)
rCorr   .            (no gloves)
SInv    .            (no boots)
Will    +....        p - amulet of reflection Stlth
                     (no ring)
HPRegen 0.27/turn    (no ring)
MPRegen 0.09/turn

%: reflection
@: lethally poisoned (-3 -> -8), on recite cooldown, attractive, enlightened,
fragile (+50% incoming damage), flying, slowed, very slow
A: runic magic, artefact enchanting
a: Renounce Religion, Recite, Donate Gold


You were on level 3 of the Dungeon.
You worshipped Zin.
Zin was aware of your devotion.
You visited 1 branch of the dungeon, and saw 4 of its levels.

You collected 184 gold pieces.
You donated 18 gold pieces to Zin.

Inventory:

Hand Weapons
 a - a +6 whip of venom (weapon)
 b - a +0 sling
Missiles
 j - 15 stones (quivered)
 l - 5 poisoned darts
Armour
 c - a +0 buckler (worn)
 n - a +0 scale mail
 r - a +0 plate armour (worn)
 v - a +0 helmet
Jewellery
 p - an amulet of reflection (around neck)
 u - a ring of fire
Scrolls
 e - 3 scrolls of enchant weapon {unknown}
 f - 2 scrolls of identify {unknown}
 h - 2 scrolls of teleportation {unknown}
 i - a scroll of amnesia {unknown}
 m - 2 scrolls of immolation {unknown}
 q - 2 scrolls of noise {unknown}
Potions
 d - a potion of might
 g - a potion of resistance {unknown}
 k - a potion of invisibility {unknown}
 o - a potion of curing {unknown}
 s - a potion of enlightenment
 t - a potion of attraction


   Skills:
 + Level 4.8 Fighting
 * Level 6.0 Maces & Flails
 - Level 3.2 Armour
 - Level 3.2 Shields


You had 4 spell levels left.
You didn't know any spells.
Your spell library contained the following spells:

 Spells                   Type           Power      Damage    Failure   Level
 Ozocubu's Armour         Ice            0%         N/A       98%         3
 Iskenderun's Battlesphe  Conj           0%         2d6       100%        5
 Metabolic Englaciation   Hex/Ice        0%         N/A       100%        5
 Bombard                  Conj/Erth      0%         9d1       100%        6
 Sculpt Simulacrum        Ice/Alch       0%         N/A       100%        6
 Spellforged Servitor     Conj/Summ      0%         N/A       100%        7


Dungeon Overview and Level Annotations

Branches:
Dungeon (4/15)
 Temple: D:4-7

Altars:
Sif Muna
Trog
Zin

Annotations:
D:3 3 runed translucent doors, Crazy Yiuf; horus123's ghost, amateur HuHW


Innate Abilities, Weirdness & Mutations

Your spellcasting is much less encumbered by armour.
You can use scrolls of enchantment on lesser artefacts.


Message History

You hit Crazy Yiuf.
Crazy Yiuf is heavily wounded.
Crazy Yiuf hits you with a +4 quarterstaff of chaos!
Your body becomes as fragile as glass!
You bump into the stone wall.
Crazy Yiuf barely misses you.
You bump into the rock wall.
Crazy Yiuf hits you with a +4 quarterstaff of chaos.
Crazy Yiuf draws strength from your wounds!
You bump into the stone wall.
You feel less confused.
Crazy Yiuf hits you with a +4 quarterstaff of chaos.
You feel yourself slow down.
Unknown command.
You aren't carrying any items that you can evoke.
Unknown command.
Unknown command.
Unknown command.
Unknown command.
You hit Crazy Yiuf.
Crazy Yiuf is severely wounded.
Crazy Yiuf says, "Citrus!"
Crazy Yiuf hits you with a +4 quarterstaff of chaos.
* * * LOW HITPOINT WARNING * * *
You are poisoned.
Unknown command.
Unknown command.
Unknown command.
It was a potion of enlightenment.
You feel very buoyant.
You fly up into the air.
You feel very sick. Crazy Yiuf completely misses you.
You block Crazy Yiuf's attack.
Okay, then.
Unknown command.
Unknown command.
It was a potion of attraction.
You feel attractive to monsters.
You feel sick.
Crazy Yiuf hits you with a +4 quarterstaff of chaos!
You die...

#.###....#
#.# #....#
#.# #..PP#
#.# #.P.##
####.# ##.##
#..<.# #.##
#####....#
##.#
###........#
#.##
....##..####
##@#
######.##
#g# # ##...#
... # #..###
#...# #.##
#..)# ###.#
##### #...#
#.### #.#
#######


You could see Crazy Yiuf (poisoned).

Vanquished Creatures
  Jessica (D:3)
  Robin (D:3)
  A gnoll (D:1)
  6 adders
  A ribbon worm (D:2)
  A dart slug (D:1)
  An orc (D:3)
  3 endoplasms
  2 giant cockroaches
  15 goblins
  7 hobgoblins
  5 jackals
  3 kobolds
  4 quokkas
  4 ball pythons
  6 bats
  A frilled lizard (D:3)
  3 rats
65 creatures vanquished.

Notes
Turn   | Place    | Note
-------+----------+-------------------------------------------
     0 | D:1      | Daunt the Mountain Dwarf Fighter began the quest for the
                  | Orb.
     0 | D:1      | Reached XP level 1. HP: 19/19 MP: 1/1
   105 | D:1      | Found a faded altar of an unknown god.
   123 | D:1      | Reached skill level 3 in Maces & Flails
   123 | D:1      | Reached XP level 2. HP: 26/26 MP: 2/2
   334 | D:1      | Reached XP level 3. HP: 27/33 MP: 3/3
   383 | D:1      | Reached skill level 4 in Maces & Flails
  1119 | D:2      | Reached XP level 4. HP: 40/40 MP: 4/4
  1730 | D:3      | Reached skill level 5 in Maces & Flails
  1944 | D:3      | Reached XP level 5. HP: 47/47 MP: 5/5
  2003 | D:3      | Noticed Jessica
  2030 | D:3      | Killed Jessica
  2111 | D:3      | Found a bloodstained altar of Trog.
  2115 | D:3      | Found a shimmering blue altar of Sif Muna.
  2147 | D:3      | Found a glowing silver altar of Zin.
  2158 | D:3      | Became a worshipper of Zin the Law-Giver
  2158 | D:3      | Reached * piety under Zin
  2171 | D:3      | Found a runed translucent gate.
  2171 | D:3      | Found a runed translucent gate.
  2171 | D:3      | Found a runed translucent gate.
  2178 | D:3      | Noticed horus123's ghost (amateur HuHW)
  2179 | D:3      | Noticed Robin
  2189 | D:3      | Identified the +8 mace of Giwnoec {venom, rF- Will++ Str-4
                  | Stlth+}
  2231 | D:3      | Killed Robin
  2236 | D:3      | Reached skill level 6 in Maces & Flails
  2554 | D:3      | Found a runed translucent door.
  2555 | D:3      | Noticed Crazy Yiuf
  2569 | D:3      | Slain by Crazy Yiuf

Illustrated notes

Levels and vault maps discovered:
D:1:      lightli_arrival_maybe_door_vault, layout_rooms,
          dreamdust_ecumenical_altar_grove, st_stairs_14,
          chequers_serial_rivers_large_a
D:2:      layout_basic, minmay_small_reverse_x
D:3:      layout_rooms, hellmonk_overflow_destroyed_library,
          mainiacjoe_overflow_surrounded_room, biasface_ghost_orc_armoury,
          uniq_robin, uniq_jessica, uniq_crazy_yiuf_cottage
D:4:      layout_cave_pools, grunt_decor_clamped

Skill      XL: |  1  2  3  4  5 |
---------------+----------------+-----
Maces & Flails | 3 4 5 6 |  6.0
Fighting       | 4 |  4.8
Armour         | |  3.2
Shields        | |  3.2

Action                     |  1- 3 |  4- 6 || total
---------------------------+-------+-------++-------
  Melee: Flail             |   137 |   119 ||   256
         Whip              |       |     7 ||     7
   Fire: Sling             |     3 |       ||     3
  Throw: Stone             |       |     6 ||     6
 Invoke: Recite            |       |     3 ||     3
    Use: Potion            |       |     2 ||     2
 Armour: Scale mail        |   112 |       ||   112
         Plate armour      |    13 |    72 ||    85
  Dodge: Dodged            |    65 |    30 ||    95
  Block: Buckler           |    39 |    66 ||   105
         Reflection        |       |     1 ||     1

Table legend: (Time is in decaauts)
 A = Elapsed time spent in this place.
 B = Non-inter-level travel time spent in this place.
 C = Inter-level travel time spent in this place.
 D = Time resting spent in this place.
 E = Time spent auto-exploring this place.
 F = Levels seen in this place.
 G = Mean time per level.
                   A        B        C        D        E       F      G
               +--------+--------+--------+--------+--------+-----+--------+
         Total |   2635 |   2542 |     93 |     53 |   1615 |   4 |  658.8 |
       Dungeon |   2635 |   2542 |     93 |     53 |   1615 |   4 |  658.8 |
               +--------+--------+--------+--------+--------+-----+--------+

Top non-repeatable levels by time:
     D:2: 938 daAuts
     D:3: 889 daAuts
     D:1: 801 daAuts
     D:4: 5 daAuts
